 Dungeon Crawl Stone Soup version 0.26-a0-950-g52035dc9a5 (webtiles) character file.

Game seed: 6961704977158751402

24 KristoblXynda the Slasher (level 2, 0/25 HPs)
             Began as a Draconian Gladiator on Nov 29, 2020.
             Slain by an adder (1 damage)
             ... on level 2 of the Dungeon.
             The game lasted 00:00:56 (954 turns).

KristoblXynda the Slasher (Draconian Gladiator)      Turns: 954, Time: 00:00:57

Health: 0/25       AC:  4    Str: 16    XL:     2   Next: 79%
Magic:  2/2        EV: 13    Int:  8    God:
Gold:   48         SH:  0    Dex: 12    Spells: 1/1 levels left

rFire    . . .     SeeInvis .   a - +0 long sword
rCold    . . .     Faith    .   (no shield)
rNeg     . . .     Spirit   .   (armour unavailable)
rPois    .         Reflect  .   b - +0 hat
rElec    .         Harm     .   (no cloak)
rCorr    .         Rampage  .   (no gloves)
MR       .....                  (no boots)
Stlth    +.........             (no amulet)
HPRegen  0.08/turn              (no ring)
MPRegen  0.08/turn              (no ring)

@: lethally poisoned (0 -> -5)
A: unfitting armour, cold-blooded, AC +4
a: no special abilities


You were on level 2 of the Dungeon.
You visited 1 branch of the dungeon, and saw 2 of its levels.

You collected 48 gold pieces.

Inventory:

Hand Weapons
 a - a +0 long sword (weapon)
Missiles
 c - 3 throwing nets (quivered)
Armour
 b - a +0 hat (worn)
Scrolls
 d - a scroll of amnesia {unknown}
 g - a scroll of blinking {unknown}
 h - a scroll of random uselessness {unknown}
 j - a scroll of remove curse {unknown}
Potions
 i - a potion of haste {unknown}


   Skills:
 + Level 2.6 Fighting
 * Level 3.3 Long Blades
 - Level 2.0 Throwing
 + Level 3.0 Dodging


You had one spell level left.
You didn't know any spells.
Your spell library was empty.

Dungeon Overview and Level Annotations

Branches:
Dungeon (2/15)

Altars:

Annotations:
D:2 Natasha


Innate Abilities, Weirdness & Mutations

Your plain brown scales are hard. (AC +4)
You cannot fit into any form of body armour.
You are cold-blooded and may be slowed by cold attacks.


Message History

Natasha casts a spell at you. The magic dart hits you.
* * * LOW HITPOINT WARNING * * *
It was a potion of attraction.
You feel attractive to monsters. The adder bites you.
* * * LOW HITPOINT WARNING * * *
You are lethally poisoned!
The adder poisons you! Natasha misses you.
You riposte.
You closely miss Natasha.
Your tail-slap misses Natasha.
Natasha is moderately wounded.
The adder bites you but does no damage.
It was a potion of cancellation.
Your magical effects are unravelling.
You feel magically purged.
You feel yourself speed up.
You feel less attractive to monsters.
* * * LOW HITPOINT WARNING * * *
You feel sick. The adder bites you but does no damage.
Natasha claws you but does no damage. The adder bites you.
You die...

#..........#.................#
#..........##................#
#..........##................#
#..........##.................
#..........########...........
#..........# #...........
#..........# .............
#..........##### ...######....
............@h# #....
...........S.# #....
##..........# #####
#..........# #..........#
#######....# #....# #....#


You could see Natasha (strong) and an adder.

Vanquished Creatures
  A worm (D:2)
  4 bats (D:1)
  2 giant cockroaches (D:1)
  3 goblins (D:1)
  3 hobgoblins (D:1)
  A jackal (D:1)
  2 kobolds (D:1)
  2 rats (D:1)
18 creatures vanquished.

Notes
Turn   | Place    | Note
-------+----------+-------------------------------------------
     0 | D:1      | KristoblXynda the Draconian Gladiator began the quest for
                  | the Orb.
     0 | D:1      | Reached XP level 1. HP: 17/17 MP: 1/1
   119 | D:1      | Reached XP level 2. HP: 25/25 MP: 2/2
   946 | D:2      | Noticed Natasha
   953 | D:2      | HP: 1/25 [adder (1)]
   954 | D:2      | Slain by an adder

Illustrated notes

Levels and vault maps discovered:
D:1:      dpeg_arrival_water_temple_mockup, layout_basic, minmay_tetromino_t2
D:2:      layout_basic, uniq_jessica, uniq_terence, uniq_natasha

Skill      XL: |  1  2 |
---------------+-------+-----
Throwing       | 2 |  2.0
Dodging        | 3 |  3.0
Fighting       | |  2.6
Long Blades    | |  3.3

Action                   || total
-------------------------++-------
Melee: Long sword        ||    40
       Tailslap          ||     3
  Use: Potion            ||     2
 Stab: Sleeping          ||     1
Armor: Skin              ||    22
Dodge: Dodged            ||    39
       Rpst.: Long sword ||    17

Table legend: (Time is in decaauts)
 A = Elapsed time spent in this place.
 B = Non-inter-level travel time spent in this place.
 C = Inter-level travel time spent in this place.
 D = Time resting spent in this place.
 E = Time spent auto-exploring this place.
 F = Levels seen in this place.
 G = Mean time per level.
                   A        B        C        D        E       F      G
               +--------+--------+--------+--------+--------+-----+--------+
         Total |    966 |    948 |     18 |      0 |    766 |   2 |  483.0 |
       Dungeon |    966 |    948 |     18 |      0 |    766 |   2 |  483.0 |
               +--------+--------+--------+--------+--------+-----+--------+

Top non-repeatable levels by time:
     D:1: 878 daAuts
     D:2: 87 daAuts
